| TOP OF THE 1ST |
|
Minnesota Twins batting - Pitching for California Angels : RHP Ben Sedlacek
|
|
Pitching: RHP Ben Sedlacek
|
|
|
Batting: RHB Yonetoshi Muranaka
|
0-0: Ball 1-0: Foul Ball, location: 2F 1-1: Ground out 6-3 (Groundball, 6, EV 91.9 MPH)
|
|
Batting: RHB Jared McClernon
|
0-0: Called Strike 0-1: Reached on error, E5 (Groundball, 5S, EV 90.0 MPH)
|
|
Batting: LHB Joel Kunkler
|
0-0: Called Strike Jared McClernon steals 3rd base 0-1: Ball 1-1: SINGLE (Line Drive, 89S, EV 94.4 MPH) Jared McClernon scores
|
|
Batting: RHB Jesus Chavez
|
0-0: Called Strike 0-1: Ball 1-1: Swinging Strike 1-2: Strikes out swinging
|
|
Batting: LHB Sadamu Noguchi
|
0-0: Called Strike 0-1: Fly out, F8 (Line Drive, 8LM, EV 93.8 MPH)
|
| Top of the 1st over - 1 run, 1 hit, 1 error, 1 left on base; Minnesota 1 - California 0 |
| BOTTOM OF THE 1ST |
|
California Angels batting - Pitching for Minnesota Twins : RHP Jesus Fernandez
|
|
Pitching: RHP Jesus Fernandez
|
|
|
Batting: LHB Javier Trujillo
|
0-0: Ball 1-0: Ball 2-0: Ball 3-0: Swinging Strike 3-1: Base on Balls
|
|
Batting: RHB Alain Delhaye
|
0-0: Called Strike 0-1: Ball 1-1: Ball 2-1: 2-RUN HOME RUN (Flyball, 8LXD, EV 104.4 MPH), Distance : 410 ft
|
|
Batting: LHB Josh Cook
|
0-0: Ball 1-0: Called Strike 1-1: Swinging Strike 1-2: Foul Ball, location: 2F 1-2: Ground out 6-3 (Groundball, 6, EV 80.0 MPH)
|
|
Batting: RHB Preston Deakyne
|
0-0: Ball 1-0: Ball 2-0: Fly out, F9 (Flyball, 89D, EV 91.2 MPH)
|
|
Batting: LHB Micah Miller
|
0-0: SINGLE (Line Drive, 8RS, EV 99.4 MPH)
|
|
Batting: RHB Dietmar Warmisch
|
0-0: Called Strike 0-1: Ball 1-1: SINGLE (Groundball, 56D, EV 94.4 MPH) Micah Miller to second
|
|
Batting: LHB Jack Bell
|
0-0: Swinging Strike 0-1: Swinging Strike 0-2: Strikes out swinging
|
| Bottom of the 1st over - 2 runs, 3 hits, 0 errors, 2 left on base; Minnesota 1 - California 2 |
| TOP OF THE 2ND |
|
Minnesota Twins batting - Pitching for California Angels : RHP Ben Sedlacek
|
|
Batting: RHB José Molina
|
0-0: Foul Ball, location: 2F 0-1: Foul Ball, location: 2F 0-2: Foul Ball, location: 2F 0-2: Foul Ball, location: 2F 0-2: Ball 1-2: Ball 2-2: Fly out, F9 (Flyball, 9D, EV 101.2 MPH)
|
|
Batting: RHB Väinö Tapaninen
|
0-0: Called Strike 0-1: Foul Ball, location: 2F 0-2: Strikes out swinging
|
|
Batting: SHB Buster Hyman
|
0-0: Foul Ball, location: 2F 0-1: Foul Ball, location: 2F 0-2: Ball 1-2: Ball 2-2: Fly out, F8 (Flyball, 89D, EV 105.0 MPH)
|
| Top of the 2nd over - 0 runs, 0 hits, 0 errors, 0 left on base; Minnesota 1 - California 2 |
| BOTTOM OF THE 2ND |
|
California Angels batting - Pitching for Minnesota Twins : RHP Jesus Fernandez
|
|
Batting: RHB Nick Dunn
|
0-0: Ball 1-0: Called Strike 1-1: Foul Ball, location: 2F 1-2: Ball 2-2: Ball 3-2: Foul Ball, location: 2F 3-2: Strikes out looking
|
|
Batting: RHB Danny Odom
|
0-0: Called Strike 0-1: Ball 1-1: Ball 2-1: Ball 3-1: Base on Balls
|
|
Batting: LHB Javier Trujillo
|
0-0: Ball 1-0: Ball 2-0: Ball 3-0: Called Strike 3-1: Grounds into double play, 1-6-3 (Groundball, 13S, EV 68.1 MPH)
|
| Bottom of the 2nd over - 0 runs, 0 hits, 0 errors, 0 left on base; Minnesota 1 - California 2 |
| TOP OF THE 3RD |
|
Minnesota Twins batting - Pitching for California Angels : RHP Ben Sedlacek
|
|
Batting: RHB Brett Steele
|
0-0: Ball 1-0: Ground out 1-3 (Groundball, 15S, EV 68.1 MPH)
|
|
Batting: RHB Yonetoshi Muranaka
|
0-0: Ball 1-0: Called Strike 1-1: Foul Ball, location: 2F 1-2: Ball 2-2: Ball 3-2: SINGLE (Groundball, 6D, EV 94.4 MPH)
|
|
Batting: RHB Jared McClernon
|
0-0: Ball 1-0: Ball 2-0: Swinging Strike 2-1: Foul Ball, location: 2F 2-2: Strikes out looking
|
|
Batting: LHB Joel Kunkler
|
0-0: Ball 1-0: Ball 2-0: Ball 3-0: Called Strike 3-1: Base on Balls Yonetoshi Muranaka to second
|
|
Batting: RHB Jesus Chavez
|
0-0: Called Strike 0-1: Foul Ball, location: 2F 0-2: Fly out, F7 (Flyball, 78D, EV 80.0 MPH)
|
| Top of the 3rd over - 0 runs, 1 hit, 0 errors, 2 left on base; Minnesota 1 - California 2 |
| BOTTOM OF THE 3RD |
|
California Angels batting - Pitching for Minnesota Twins : RHP Jesus Fernandez
|
|
Batting: RHB Alain Delhaye
|
0-0: Ball 1-0: SINGLE (Groundball, 6M, EV 103.1 MPH)
|
|
Batting: LHB Josh Cook
|
0-0: Called Strike 0-1: Foul Ball, location: 2F 0-2: Foul Ball, location: 2F 0-2: Ball 1-2: Foul Ball, location: 2F 1-2: Strikes out looking
|
|
Batting: RHB Preston Deakyne
|
0-0: Ball 1-0: Ball 2-0: Swinging Strike 2-1: Ball 3-1: Called Strike 3-2: Foul Ball, location: 2F 3-2: Strikes out swinging Alain Delhaye is caught stealing 2nd base 2-4 Batter strikes out.
|
| Bottom of the 3rd over - 0 runs, 1 hit, 0 errors, 0 left on base; Minnesota 1 - California 2 |
| TOP OF THE 4TH |
|
Minnesota Twins batting - Pitching for California Angels : RHP Ben Sedlacek
|
|
Batting: LHB Sadamu Noguchi
|
0-0: Ball 1-0: Ball 2-0: Ball 3-0: Base on Balls
|
|
Batting: RHB José Molina
|
0-0: Called Strike 0-1: Ball 1-1: Called Strike 1-2: SINGLE (Groundball, 5D, EV 99.4 MPH) Sadamu Noguchi to second
|
|
Batting: RHB Väinö Tapaninen
|
0-0: Called Strike 0-1: Foul Ball, location: 2F 0-2: Ball 1-2: Ball 2-2: Grounds into double play, 6-4-3 (Groundball, 6, EV 105.6 MPH) Sadamu Noguchi to third
|
|
Batting: SHB Buster Hyman
|
0-0: Called Strike 0-1: Ground out 6-3 (Groundball, 6, EV 86.9 MPH)
|
| Top of the 4th over - 0 runs, 1 hit, 0 errors, 1 left on base; Minnesota 1 - California 2 |
| BOTTOM OF THE 4TH |
|
California Angels batting - Pitching for Minnesota Twins : RHP Jesus Fernandez
|
|
Batting: LHB Micah Miller
|
0-0: Ball 1-0: Foul Ball, location: 2F 1-1: Ball 2-1: Ball 3-1: SINGLE (Line Drive, 78S, EV 105.0 MPH)
|
|
Batting: RHB Dietmar Warmisch
|
0-0: Ball 1-0: Grounds into double play, 5-4-3 (Groundball, 5, EV 86.9 MPH)
|
|
Batting: LHB Jack Bell
|
0-0: Called Strike 0-1: Ball 1-1: Foul Ball, location: 2F 1-2: Ball 2-2: Ball 3-2: Base on Balls
|
|
Batting: RHB Nick Dunn
|
0-0: Ball 1-0: Called Strike 1-1: Ball 2-1: Ball 3-1: Foul Ball, location: 2F 3-2: Fly out, F7 (Flyball, 7S, EV 91.9 MPH)
|
| Bottom of the 4th over - 0 runs, 1 hit, 0 errors, 1 left on base; Minnesota 1 - California 2 |
| TOP OF THE 5TH |
|
Minnesota Twins batting - Pitching for California Angels : RHP Ben Sedlacek
|
|
Batting: RHB Brett Steele
|
0-0: Swinging Strike 0-1: Ball 1-1: Swinging Strike 1-2: Foul Ball, location: 2F 1-2: Strikes out swinging
|
|
Batting: RHB Yonetoshi Muranaka
|
0-0: Ball 1-0: Ball 2-0: Swinging Strike 2-1: Swinging Strike 2-2: Ball 3-2: Foul Ball, location: 2F 3-2: Ground out 4-3 (Groundball, 4M, EV 78.8 MPH)
|
|
Batting: RHB Jared McClernon
|
0-0: Ball 1-0: Ball 2-0: Called Strike 2-1: Ball 3-1: Base on Balls
|
|
Pitching: RHP George Rosario
|
|
|
Batting: LHB Joel Kunkler
|
0-0: Ball Jared McClernon steals 2nd base 1-0: 2-RUN HOME RUN (Flyball, 8LXD, EV 101.9 MPH), Distance : 414 ft
|
|
Batting: RHB Jesus Chavez
|
0-0: Ball 1-0: Ball 2-0: Called Strike 2-1: Swinging Strike 2-2: Ground out 5-3 (Groundball, 5S, EV 81.2 MPH)
|
| Top of the 5th over - 2 runs, 1 hit, 0 errors, 0 left on base; Minnesota 3 - California 2 |
| BOTTOM OF THE 5TH |
|
California Angels batting - Pitching for Minnesota Twins : RHP Jesus Fernandez
|
|
Pitching: RHP Luis Sanchez
|
|
|
Batting: RHB Danny Odom
|
0-0: Ball 1-0: Ball 2-0: SINGLE (Groundball, 56, EV 99.4 MPH)
|
|
Batting: LHB Javier Trujillo
|
0-0: Ball Danny Odom is caught stealing 2nd base 2-6 1-0: DOUBLE (Line Drive, 89D, EV 111.2 MPH)
|
|
Batting: RHB Alain Delhaye
|
0-0: Called Strike Javier Trujillo steals 3rd base 0-1: 2-RUN HOME RUN (Line Drive, 7D, EV 98.8 MPH), Distance : 380 ft
|
|
Batting: LHB Josh Cook
|
0-0: Ball 1-0: SINGLE (Groundball, 56S, EV 61.9 MPH) (infield hit)
|
|
Batting: RHB Preston Deakyne
|
0-0: Ball Josh Cook steals 2nd base (no throw) 1-0: Swinging Strike 1-1: Foul Ball, location: 2F 1-2: Ball 2-2: Strikes out swinging
|
|
Batting: LHB Micah Miller
|
0-0: Swinging Strike 0-1: Ball 1-1: Ball 2-1: Ball 3-1: Called Strike 3-2: Strikes out swinging
|
| Bottom of the 5th over - 2 runs, 4 hits, 0 errors, 1 left on base; Minnesota 3 - California 4 |
| TOP OF THE 6TH |
|
Minnesota Twins batting - Pitching for California Angels : RHP George Rosario
|
|
Batting: LHB Sadamu Noguchi
|
0-0: Ball 1-0: Called Strike 1-1: Ground out 6-3 (Groundball, 6S, EV 85.6 MPH)
|
|
Batting: RHB José Molina
|
0-0: Ball 1-0: Foul Ball, location: 2F 1-1: Swinging Strike 1-2: Strikes out swinging
|
|
Batting: RHB Väinö Tapaninen
|
0-0: SINGLE (Groundball, 56D, EV 95.0 MPH)
|
|
Batting: SHB Buster Hyman
|
0-0: Ball 1-0: Swinging Strike 1-1: Ball Väinö Tapaninen steals 2nd, throwing error, E2 Väinö Tapaninen to third 2-1: Ball 3-1: Called Strike 3-2: Base on Balls
|
|
Pinch Hitting: LHB Gerardo Flores
|
0-0: Ball 1-0: Foul Ball, location: 2F 1-1: Ball 2-1: Fly out, F8 (Flyball, 8RS, EV 82.5 MPH)
|
| Top of the 6th over - 0 runs, 1 hit, 1 error, 2 left on base; Minnesota 3 - California 4 |
| BOTTOM OF THE 6TH |
|
California Angels batting - Pitching for Minnesota Twins : RHP Luis Sanchez
|
|
Now at 3B: Josh Zoglmann
|
|
|
Batting: RHB Dietmar Warmisch
|
0-0: Ball 1-0: Called Strike 1-1: Ball 2-1: Ball 3-1: Foul Ball, location: 2F 3-2: Foul Ball, location: 2F 3-2: Foul Ball, location: 2F 3-2: SINGLE (Flyball, 4MD, EV 82.5 MPH)
|
|
Batting: LHB Jack Bell
|
0-0: Called Strike 0-1: Ball 1-1: Sac Bunt to 2R - play at first, batter OUT! 2-4 Dietmar Warmisch to second
|
|
Batting: RHB Nick Dunn
|
0-0: Ball 1-0: SINGLE (Groundball, 6MD, EV 102.5 MPH) Dietmar Warmisch to third Runner from 3rd tries for Home, SAFE, throw by CF to home Nick Dunn to second
|
|
Batting: RHB Danny Odom
|
0-0: Ground out 6-3 (Groundball, 6, EV 81.2 MPH) Nick Dunn to third
|
|
Batting: LHB Javier Trujillo
|
0-0: Called Strike 0-1: Fly out, F8 (Flyball, 78M, EV 92.5 MPH)
|
| Bottom of the 6th over - 1 run, 2 hits, 0 errors, 1 left on base; Minnesota 3 - California 5 |
| TOP OF THE 7TH |
|
Minnesota Twins batting - Pitching for California Angels : RHP George Rosario
|
|
Batting: RHB Yonetoshi Muranaka
|
0-0: Ball 1-0: Ball 2-0: Foul Ball, location: 2F 2-1: Foul Ball, location: 2F 2-2: Fly out, F5 (Popup, 5SF, EV 85.0 MPH)
|
|
Batting: RHB Jared McClernon
|
0-0: Ball 1-0: Ball 2-0: Foul Ball, location: 2F 2-1: Ball 3-1: Called Strike 3-2: Foul Ball, location: 2F 3-2: Foul Ball, location: 2F 3-2: Ground out U3 (Groundball, 3S, EV 84.4 MPH)
|
|
Pitching: LHP Dan Poirier
|
|
|
Batting: LHB Joel Kunkler
|
0-0: Swinging Strike 0-1: Foul Ball, location: 2F 0-2: Foul Ball, location: 2F 0-2: Foul Ball, location: 2F 0-2: Ball 1-2: Ball 2-2: Foul Ball, location: 2F 2-2: Ball 3-2: DOUBLE (Line Drive, 7LS, EV 90.6 MPH)
|
|
Pitching: RHP Jakub Kvacek
|
|
|
Batting: RHB Jesus Chavez
|
0-0: Swinging Strike 0-1: Called Strike 0-2: Foul Ball, location: 2F 0-2: Ball 1-2: Ball 2-2: Strikes out swinging
|
| Top of the 7th over - 0 runs, 1 hit, 0 errors, 1 left on base; Minnesota 3 - California 5 |
| BOTTOM OF THE 7TH |
|
California Angels batting - Pitching for Minnesota Twins : RHP Luis Sanchez
|
|
Pitching: RHP Oscar Zuniga
|
|
|
Batting: RHB Alain Delhaye
|
0-0: Ball 1-0: Ball 2-0: Ground out 5-3 (Groundball, 56S, EV 69.4 MPH)
|
|
Batting: LHB Josh Cook
|
0-0: Ball 1-0: Called Strike 1-1: Swinging Strike 1-2: Ball 2-2: Foul Ball, location: 2F 2-2: Ball 3-2: Base on Balls
|
|
Batting: RHB Preston Deakyne
|
0-0: Called Strike Josh Cook steals 2nd base 0-1: Ball 1-1: Foul Ball, location: 2F 1-2: Ball 2-2: Ground out 5-3 (Groundball, 56D, EV 95.0 MPH)
|
|
Batting: LHB Micah Miller
|
0-0: Swinging Strike 0-1: Fly out, F6 (Popup, 6D, EV 52.5 MPH)
|
| Bottom of the 7th over - 0 runs, 0 hits, 0 errors, 1 left on base; Minnesota 3 - California 5 |
| TOP OF THE 8TH |
|
Minnesota Twins batting - Pitching for California Angels : RHP Jakub Kvacek
|
|
Batting: LHB Sadamu Noguchi
|
0-0: Ball 1-0: Called Strike 1-1: Fly out, F6 (Flyball, 6MD, EV 91.2 MPH)
|
|
Batting: RHB José Molina
|
0-0: Ball 1-0: Foul Ball, location: 2F 1-1: Ball 2-1: DOUBLE (Line Drive, 9LM, EV 108.1 MPH)
|
|
Pinch Hitting: LHB Kevin Bellman
|
0-0: Swinging Strike 0-1: Ball 1-1: Ball 2-1: Ball 3-1: Called Strike 3-2: SINGLE (Flyball, 8LS, EV 87.5 MPH) José Molina to third
|
|
Batting: SHB Buster Hyman
|
0-0: Called Strike 0-1: Ball 1-1: Swinging Strike 1-2: Foul Ball, location: 2F 1-2: Strikes out looking
|
|
Batting: RHB Josh Zoglmann
|
0-0: Ball 1-0: Called Strike Kevin Bellman steals 2nd base 1-1: SINGLE (Flyball, 9LS, EV 89.4 MPH) José Molina scores Kevin Bellman to third Runner from 3rd tries for Home, SAFE, throw by RF to home Josh Zoglmann to second
|
|
Batting: RHB Yonetoshi Muranaka
|
0-0: Foul Ball, location: 2F 0-1: Ground out 5-3 (Groundball, 5S, EV 67.5 MPH)
|
| Top of the 8th over - 2 runs, 3 hits, 0 errors, 1 left on base; Minnesota 5 - California 5 |
| BOTTOM OF THE 8TH |
|
California Angels batting - Pitching for Minnesota Twins : RHP Oscar Zuniga
|
|
Pitching: RHP Freddie Trainor
|
|
|
Now in LF: Vinny Luna
|
|
|
Now in CF: Sadamu Noguchi
|
|
|
Batting: RHB Dietmar Warmisch
|
0-0: Ball 1-0: Ball 2-0: Swinging Strike 2-1: Swinging Strike 2-2: Ball 3-2: Ground out 5-3 (Groundball, 56S, EV 65.0 MPH)
|
|
Batting: LHB Jack Bell
|
0-0: Ball 1-0: Called Strike 1-1: SINGLE (Flyball, 8RM, EV 85.0 MPH)
|
|
Batting: RHB Nick Dunn
|
0-0: Swinging Strike 0-1: Called Strike 0-2: Fly out, F6 (Popup, 6MD, EV 68.1 MPH)
|
|
Batting: RHB Danny Odom
|
0-0: Ball Jack Bell is caught stealing 2nd base 2-4
|
| Bottom of the 8th over - 0 runs, 1 hit, 0 errors, 0 left on base; Minnesota 5 - California 5 |
| TOP OF THE 9TH |
|
Minnesota Twins batting - Pitching for California Angels : RHP Jakub Kvacek
|
|
Pitching: RHP Ryan Terlizzi
|
|
|
Batting: RHB Jared McClernon
|
0-0: Ball 1-0: Called Strike 1-1: Ball 2-1: Fly out, F5 (Popup, 56S, EV 74.4 MPH)
|
|
Batting: LHB Joel Kunkler
|
0-0: Ball 1-0: Ball 2-0: Ground out 5-3 (Groundball, 56, EV 86.2 MPH)
|
|
Batting: RHB Jesus Chavez
|
0-0: Ball 1-0: Swinging Strike 1-1: Ball 2-1: Swinging Strike 2-2: Strikes out swinging
|
| Top of the 9th over - 0 runs, 0 hits, 0 errors, 0 left on base; Minnesota 5 - California 5 |
| BOTTOM OF THE 9TH |
|
California Angels batting - Pitching for Minnesota Twins : RHP Freddie Trainor
|
|
Pinch Hitting: SHB Aldo Questi
|
0-0: SINGLE (Groundball, 56D, EV 106.9 MPH)
|
|
Batting: LHB Javier Trujillo
|
0-0: Ball 1-0: Swinging Strike 1-1: Ball 2-1: Called Strike 2-2: Strikes out swinging
|
|
Batting: RHB Alain Delhaye
|
0-0: Called Strike 0-1: Ball 1-1: Foul Ball, location: 2F 1-2: Ball 2-2: Strikes out swinging
|
|
Batting: LHB Josh Cook
|
0-0: Called Strike 0-1: Ball 1-1: Ball 2-1: Ball 3-1: Foul Ball, location: 2F 3-2: Strikes out swinging
|
| Bottom of the 9th over - 0 runs, 1 hit, 0 errors, 1 left on base; Minnesota 5 - California 5 |
| TOP OF THE 10TH |
|
Minnesota Twins batting - Pitching for California Angels : RHP Ryan Terlizzi
|
|
Now at C: Gael Jones
|
|
|
Batting: LHB Sadamu Noguchi
|
0-0: Swinging Strike 0-1: Called Strike 0-2: Hit by Pitch
|
|
Batting: RHB José Molina
|
0-0: Ball 1-0: Ball Sadamu Noguchi steals 2nd base (no throw) 2-0: Intentional Walk
|
|
Batting: RHB Vinny Luna
|
0-0: Ball 1-0: Foul Ball, location: 2F 1-1: Ball 2-1: Foul Ball, location: 2F 2-2: Ball 3-2: Base on Balls Sadamu Noguchi to third José Molina to second
|
|
Batting: SHB Buster Hyman
|
0-0: Called Strike 0-1: DOUBLE (Groundball, 5L, EV 101.9 MPH) Sadamu Noguchi scores José Molina scores Vinny Luna to third
|
|
Batting: RHB Josh Zoglmann
|
0-0: Ball 1-0: Ball 2-0: Called Strike 2-1: Swinging Strike 2-2: Ball 3-2: Strikes out looking
|
|
Pitching: RHP Joel Ciampi
|
|
|
Batting: RHB Yonetoshi Muranaka
|
0-0: Called Strike 0-1: Hit by Pitch
|
|
Batting: RHB Jared McClernon
|
0-0: Foul Ball, location: 2F 0-1: Foul Ball, location: 2F 0-2: Foul Ball, location: 2F 0-2: Grounds into double play, 4-2-3 (Groundball, 4, EV 103.1 MPH)
|
| Top of the 10th over - 2 runs, 1 hit, 0 errors, 2 left on base; Minnesota 7 - California 5 |
| BOTTOM OF THE 10TH |
|
California Angels batting - Pitching for Minnesota Twins : RHP Freddie Trainor
|
|
Pitching: RHP Mario Arce
|
|
|
Batting: RHB Preston Deakyne
|
0-0: Ball 1-0: Foul Ball, location: 2F 1-1: Swinging Strike 1-2: SINGLE (Line Drive, 9S, EV 102.5 MPH)
|
|
Batting: LHB Micah Miller
|
0-0: Ball 1-0: Called Strike 1-1: Grounds into double play, 4-6-3 (Groundball, 34D, EV 105.0 MPH)
|
|
Batting: RHB Dietmar Warmisch
|
0-0: Ball 1-0: Swinging Strike 1-1: Fly out, F2 (Popup, 23F, EV 80.0 MPH)
|
| Bottom of the 10th over - 0 runs, 1 hit, 0 errors, 0 left on base; Minnesota 7 - California 5 |
|